 Dungeon Crawl Stone Soup version 0.27-a0-1188-g73eefd5def (webtiles) character file.

Game seed: 8232595576980171751

88 st0uf the Slasher (level 4, -2/34 HPs)
             Began as a Demonspawn Gladiator on May 20, 2021.
             Slain by a gnoll
             ... wielding a +0 halberd
              (7 damage)
             ... on level 2 of the Dungeon.
             The game lasted 00:02:40 (1617 turns).

st0uf the Slasher (Demonspawn Gladiator)            Turns: 1617, Time: 00:02:41

Health: -2/34      AC:  6    Str: 15    XL:     4   Next: 29%
Magic:  4/4        EV: 12    Int:  9    God:
Gold:   68         SH:  0    Dex: 15    Spells: 3/3 levels left

rFire    + . .     SeeInvis .   a - +0 long sword
rCold    + . .     Faith    .   (no shield)
rNeg     . . .     Spirit   .   b - +0 leather armour
rPois    .         Reflect  .   c - +0 helmet
rElec    .         Harm     .   e - scarf {rC+ rF+}
rCorr    .         Rampage  .   (no gloves)
Will     .....                  (no boots)
Stlth    +.........             l - amulet of regeneration
HPRegen  1.11/turn              (no ring)
MPRegen  0.09/turn              (no ring)

@: no status effects
A: talons 2, slimy green scales 1
a: no special abilities


You were on level 2 of the Dungeon.
You visited 1 branch of the dungeon, and saw 2 of its levels.

You collected 68 gold pieces.

Inventory:

Hand Weapons
 a - a +0 long sword (weapon)
Missiles
 d - 3 throwing nets (quivered)
Armour
 b - a +0 leather armour (worn)
 c - a +0 helmet (worn)
 e - a scarf of resistance (worn)
Jewellery
 k - a ring of positive energy
 l - an amulet of regeneration (around neck)
Scrolls
 f - 2 scrolls of enchant armour {unknown}
 g - a scroll of noise {unknown}
 j - a scroll of identify {unknown}
 m - a scroll of blinking {unknown}
Potions
 h - a potion of curing {unknown}
 i - a potion of haste {unknown}


   Skills:
 + Level 2.4 Fighting
 + Level 3.6 Long Blades
 + Level 1.8 Throwing
 * Level 2.0 Armour
 + Level 2.9 Dodging


You had 3 spell levels left.
You didn't know any spells.
Your spell library was empty.

Dungeon Overview and Level Annotations

Branches:
Dungeon (2/15)

Altars:


Innate Abilities, Weirdness & Mutations

You have razor-sharp toenails.
You are partially covered in slimy green scales. (AC +2)


Message History

You hear a shout!
The gnoll hits you but does no damage. The gnoll barely misses you.
You barely miss the gnoll. You claw the gnoll, but do no damage.
The gnoll is almost dead.
An endoplasm comes into view.
The gnoll closely misses you.
You riposte.
You hit the gnoll but do no damage. You claw the gnoll, but do no damage.
The gnoll hits you but does no damage.
You barely miss the gnoll. You claw the gnoll.
You kill the gnoll!
The gnoll misses you.
You riposte.
You slash the gnoll! You claw the gnoll.
The gnoll is severely wounded.
The gnoll hits you with a +0 club.
You have reached level 4!
You feel agile.
Your demonic ancestry asserts itself...
Your toenails lengthen and sharpen.
You barely miss the gnoll. Your kick misses the gnoll.
The gnoll is severely wounded.
The kobold barely misses you. The gnoll barely misses you.
The kobold hits you with a +0 short sword.
You hit the gnoll.
You kill the gnoll!
The kobold closely misses you.
You riposte.
You slash the kobold!
You kill the kobold!
Your Armour skill increases to level 2!
You hit the gnoll.
The gnoll is moderately wounded.
The gnoll completely misses you.
You hit the gnoll. Your kick misses the gnoll.
The gnoll is heavily wounded.
The gnoll hits you with a +0 halberd!
* * * LOW HITPOINT WARNING * * *
The endoplasm hits you.
* * * LOW HITPOINT WARNING * * *
The gnoll hits you with a +0 halberd.
* * * LOW HITPOINT WARNING * * *
You hit the gnoll.
The gnoll is severely wounded.
The endoplasm freezes you.
You are frozen.
You resist. The gnoll hits you with a +0 halberd!
You die...

#.##########
#.########## ########
#....)....## #......#
#.........## #......#
#.........##
#...)..######.........##
#..........##.........##
#.......).............##
#.....J@...##.........##
#.....g######.........##
#.........# ############
...............
.........
####........##..
########. #........# #.
........... #.
.........gg.. #.
...........g.. #.


You could see a gnoll and an endoplasm.

Vanquished Creatures
  2 gnolls (D:2)
  2 adders (D:2)
  A dart slug (D:1)
  2 ball pythons (D:1)
  4 endoplasms
  A giant cockroach (D:1)
  6 goblins
  2 hobgoblins (D:2)
  4 jackals (D:2)
  2 quokkas
  5 bats
  2 frilled lizards
  10 kobolds
  6 rats (D:1)
49 creatures vanquished.

Notes
Turn   | Place    | Note
-------+----------+-------------------------------------------
     0 | D:1      | st0uf the Demonspawn Gladiator began the quest for the Orb.
     0 | D:1      | Reached XP level 1. HP: 16/16 MP: 1/1
   620 | D:1      | Gained mutation: You have sharp toenails. [demonic
                  | ancestry]
   620 | D:1      | Reached XP level 2. HP: 22/22 MP: 2/2
   628 | D:1      | Reached skill level 3 in Long Blades
  1124 | D:1      | Reached skill level 1 in Armour
  1163 | D:2      | Gained mutation: You are partially covered in slimy green
                  | scales. (AC +2) [demonic ancestry]
  1163 | D:2      | Reached XP level 3. HP: 25/27 MP: 3/3
  1612 | D:2      | Gained mutation: You have razor-sharp toenails. [demonic
                  | ancestry]
  1612 | D:2      | Reached XP level 4. HP: 16/34 MP: 4/4
  1617 | D:2      | Slain by a gnoll

Illustrated notes

Levels and vault maps discovered:
D:1:      minmay_arrival_open_corners, layout_loops_ring, nrook_loot_triangle
D:2:      layout_basic

Skill      XL: |  1  2  3  4 |
---------------+-------------+-----
Long Blades    | 3 |  3.6
Armour         | 1 2 |  2.0
Fighting       | |  2.4
Throwing       | |  1.8
Dodging        | |  2.9

Action                   |  1- 3 |  4- 6 || total
-------------------------+-------+-------++-------
Melee: Long sword        |    85 |     5 ||    90
       Kick              |    28 |       ||    28
Armor: Leather armour    |    36 |       ||    36
Dodge: Dodged            |    60 |     4 ||    64
       Rpst.: Long sword |    21 |     1 ||    22

Table legend: (Time is in decaauts)
 A = Elapsed time spent in this place.
 B = Non-inter-level travel time spent in this place.
 C = Inter-level travel time spent in this place.
 D = Time resting spent in this place.
 E = Time spent auto-exploring this place.
 F = Levels seen in this place.
 G = Mean time per level.
                   A        B        C        D        E       F      G
               +--------+--------+--------+--------+--------+-----+--------+
         Total |   1638 |   1623 |     15 |    252 |   1053 |   2 |  819.0 |
       Dungeon |   1638 |   1623 |     15 |    252 |   1053 |   2 |  819.0 |
               +--------+--------+--------+--------+--------+-----+--------+

Top non-repeatable levels by time:
     D:1: 1165 daAuts
     D:2: 472 daAuts
